 Dungeon Crawl Stone Soup version 0.21.1-1-g345015f (webtiles) character file.

192097 tidbits the Cleaver (level 17, -20/172 HPs)
             Began as a Gnoll Transmuter on Mar 15, 2018.
             Was the Champion of Cheibriados.
             Splashed with acid (29 damage)
             ... on level 3 of the Pits of Slime.
             The game lasted 02:34:02 (8076 turns).

tidbits the Cleaver (Gnoll Transmuter)              Turns: 8076, Time: 02:34:02

Health: -20/172    AC: 36    Str: 28    XL:     17   Next: 84%
Magic:  13/33      EV: 29    Int: 37    God:    Cheibriados [******]
Gold:   431        SH:  0    Dex: 31    Spells: 1/41 levels left

rFire    . . .     SeeInvis .   a - +9 broad axe
rCold    . . .     Gourm    .   D - +2 shield
rNeg     + . .     Faith    +   (armour currently unavailable)
rPois    ∞         Spirit   .   E - +2 helmet
rElec    +         Reflect  .   C - +2 cloak
rCorr    .         Harm     .   (gloves currently unavailable)
MR       +....                  (boots currently unavailable)
Stlth    ++........             s - amulet of faith
HPRegen  0.38/turn              V - +3 ring of evasion
MPRegen  0.23/turn              Y - +5 ring of slaying

@: confused, statue-form, studying Axes, very slow
A: distributed training, fangs 1, strong nose
}: 2/15 runes: serpentine, barnacled
a: End Transformation, Bend Time, Temporal Distortion, Slouch, Step From Time,
Renounce Religion


You were on level 3 of the Pits of Slime.
You worshipped Cheibriados.
Cheibriados was exalted by your worship.
You were not hungry.
You were a stone statue.
You visited 7 branches of the dungeon, and saw 30 of its levels.
You also visited: Labyrinth.

You collected 2172 gold pieces.
You spent 1741 gold pieces at shops.

Inventory:

Hand Weapons
 a - a +9 broad axe (weapon)
 b - the +9 hunting sling "Luidete" {velocity, rC- rN++ Dex+3}
   (You found it in a labyrinth)

   Any stone fired from it inflicts extra damage.
   It affects your dexterity (+3).
   It makes you vulnerable to cold.
   It greatly protects you from negative energy.
 m - a +1 demon trident of venom
   (You took it off Mara on level 4 of the Snake Pit)
Missiles
 e - 3 throwing nets {!f}
 i - 226 arrows
 l - 13 steel javelins (quivered)
 Q - 239 sling bullets
Armour
 B - a +1 troll leather armour (melded)
 C - a +2 cloak (worn)
 D - a +2 shield (worn)
 E - a +2 helmet (worn)
 F - a +1 pair of boots (melded)
Jewellery
 n - an uncursed ring of fire
   (You found it in a labyrinth)
 o - an uncursed ring of protection from cold
   (You found it on level 5 of the Dungeon)
 s - an amulet of faith (around neck)
   (You found it on level 2 of the Snake Pit)
 V - a +3 ring of evasion (left hand)
   (You took it off a minotaur in a labyrinth)
 W - an uncursed ring of wizardry
   (You found it on level 5 of the Lair of Beasts)
 Y - a +5 ring of slaying (right hand)
   (You found it on level 10 of the Dungeon)
Wands
 d - a wand of digging (17)
 h - a wand of disintegration (29)
 v - a wand of paralysis (11)
 y - a wand of enslavement (29)
 z - a wand of iceblast (7)
 T - a wand of acid (1)
Scrolls
 j - a scroll of silence
 k - 2 scrolls of holy word
 r - 8 scrolls of remove curse
 G - 3 scrolls of teleportation
 H - a scroll of enchant weapon
 P - a scroll of summoning
 U - 2 scrolls of blinking
Potions
 q - a potion of mutation {unknown}
 x - 2 potions of ambrosia
 I - a potion of cancellation
 N - a potion of resistance
 O - a potion of lignification
 S - 2 potions of invisibility
 X - 2 potions of flight
Books
 t - a book of Spatial Translocations
   (You found it on level 1 of the Shoals)

   Spells                             Type                      Level
   a - Blink                          Translocation                2
   b - Shroud of Golubria             Charms/Translocation         2
   c - Lesser Beckoning               Translocation                3
   d - Gell's Gravitas                Translocation                3
   e - Teleport Other                 Translocation                3
   f - Passage of Golubria            Translocation                4
 J - a manual of Axes
   (You found it on level 2 of the Snake Pit)
 M - a book of Summonings
   (You found it in a labyrinth)

   Spells                             Type                      Level
   a - Recall                         Summoning/Translocation      3
   b - Aura of Abjuration             Summoning                    5
   c - Summon Demon                   Summoning                    5
   d - Summon Forest                  Summoning/Translocation      5
   e - Summon Mana Viper              Hexes/Summoning              5
   f - Shadow Creatures               Summoning                    6
Miscellaneous
 Z - a box of beasts
Comestibles
 c - 31 rations


   Skills:
 + Level 11.8 Fighting
 + Level 11.6 Short Blades
 + Level 11.6 Long Blades
 + Level 13.1 Axes
 + Level 11.6 Maces & Flails
 + Level 11.6 Polearms
 + Level 11.6 Staves
 + Level 11.6 Slings
 + Level 11.6 Bows
 + Level 11.6 Crossbows
 + Level 11.6 Throwing
 + Level 11.6 Armour
 + Level 12.3 Dodging
 + Level 11.6 Stealth
 + Level 11.6 Shields
 + Level 13.0 Unarmed Combat
 + Level 12.5 Spellcasting
 + Level 9.9 Conjurations
 + Level 9.9 Hexes
 + Level 9.9 Charms
 + Level 9.9 Summonings
 + Level 9.9 Necromancy
 + Level 9.9 Translocations
 + Level 10.6 Transmutations
 + Level 9.9 Fire Magic
 + Level 9.9 Ice Magic
 + Level 9.9 Air Magic
 + Level 9.9 Earth Magic
 + Level 9.9 Poison Magic
 + Level 12.5 Invocations
 + Level 11.6 Evocations


You had one spell level left.
You knew the following spells:

 Your Spells              Type           Power        Failure   Level  Hunger
a - Beastly Appendage     Tmut           ######       1%          1    None
e - Ensorcelled Hibernat  Hex/Ice        ######       1%          2    None
h - Blade Hands           Tmut           #######...   1%          5    None
k - Sticks to Snakes      Tmut           #######.     1%          2    None
m - Deflect Missiles      Chrm/Air       #######...   6%          6    ###....
n - Animate Skeleton      Necr           N/A          1%          1    None
p - Passwall              Tmut/Erth      #######...   1%          2    None
s - Statue Form           Tmut/Erth      #######..    5%          6    ###....
v - Borgnjor's Vile Clut  Necr/Erth      #######...   1%          5    None
A - Apportation           Tloc           ######       1%          1    None
L - Summon Lightning Spi  Summ/Air       #######.     1%          4    None
R - Irradiate             Conj/Tmut      #######...   1%          5    None


Dungeon Overview and Level Annotations

Branches:
Dungeon (11/15)            Temple (1/1) D:7            Lair (5/6) D:9
 Shoals (4/4) Lair:3        Snake (4/4) Lair:3        Slime (3/5) Lair:5
    Orc (2/2) D:9             Elf (0/3) Orc:2

Altars:
Cheibriados
Dithmenos
Fedhas
Hepliaklqana
Makhleb
Qazlal
Sif Muna
Trog
Vehumet
Yredelemnul
Zin
Beogh

Shops:
D:4 *   D:5 !   Orc:2 ?[%:   Shoals:2 %   Snake:2 !:*:

Portals:
Pandemonium: Orc:2

Annotations:
D:4 Natasha
Snake:2 1 transporter


Innate Abilities, Weirdness & Mutations

Your experience applies equally to all skills.
You have very sharp teeth.
Your uncanny sense of smell can sniff out nearby items.


Message History

A golden eye comes into view.
Throwing (i - inventory. (,) - cycle):
l - 15 steel javelins (quivered)
Press: ? - help, Shift-Dir - straight line, f - golden eye
Aim: a golden eye You throw a steel javelin.
The steel javelin hits the golden eye!
The golden eye is severely wounded.
The golden eye blinks at you. You resist with some effort.
An azure jelly comes into view.
Throwing (i - inventory. (,) - cycle):
l - 14 steel javelins (quivered)
Press: ? - help, Shift-Dir - straight line, f/p - golden eye
Aim: a golden eye (heavily wounded)
You throw a steel javelin.
The steel javelin misses the golden eye.
The golden eye blinks at you.
You are confused.
In your confused state, you trip and fall back down the stairs.
The golden eye blinks at you.
You are more confused.
The golden eye blinks at you. You resist with almost no effort.
Unknown command.
Unknown command.
Okay, then.
Unknown command.
Okay, then.
Press: ? - help, v - describe, . - travel
Here: a golden eye (heavily wounded)
The floor.
Throwing (i - inventory. (,) - cycle):
l - 13 steel javelins (quivered)
Press: ? - help, Shift-Dir - straight line, f/p - golden eye
Aim: a golden eye (heavily wounded)
Okay, then.
The golden eye turns its gaze towards you.
The golden eye blinks at you.
You are more confused.
The golden eye blinks!
The golden eye blinks at you. You resist with almost no effort.
The azure jelly hits you but does no damage.
The azure jelly barely misses you. x2; The azure jelly completely misses you.
A slime creature comes into view.
The slime creature quivers.
You open the golden eye like a pillowcase!!!
You kill the golden eye!
Cheibriados thoroughly appreciates the change of pace.
You slash the azure jelly!
The golden eye blinks!
The azure jelly barely misses you.
The azure jelly hits you but does no damage. x4
The azure jelly barely misses you. x3
Unknown command.
The azure jelly hits you but does no damage.
The azure jelly completely misses you. The azure jelly closely misses you.
The azure jelly hits you but does no damage.
The azure jelly misses you. The azure jelly completely misses you.
The azure jelly hits you but does no damage.
The azure jelly completely misses you. x2; The azure jelly hits you.
The azure jelly freezes you!! The azure jelly completely misses you.
The azure jelly barely misses you. The azure jelly closely misses you.
The azure jelly hits you but does no damage. x2
The azure jelly completely misses you.
There is a stone staircase leading up here.
You see here 2 steel javelins.
Unknown command.
You carve the azure jelly like a ham!!!
The azure jelly is almost dead.
You slice the slime creature!! The slime creature hits you!
The azure jelly misses you.
The azure jelly hits you but does no damage. x2
The azure jelly completely misses you.
The slime creature completely misses you.
You slice the azure jelly!!
You kill the azure jelly!
Cheibriados thoroughly appreciates the change of pace.
You barely miss the slime creature.
The golden eye blinks!
The golden eye blinks at you.
You are more confused.
The slime creature closely misses you.
You are splashed with acid!
The walls burn you!
* * * LOW HITPOINT WARNING * * *
The golden eye blinks at you. You resist with almost no effort.
The golden eye blinks at you. You resist with some effort.
The slime creature barely misses you.
The golden eye blinks!
The slime creature completely misses you.
Unknown command.
You bump into the slime covered rock wall.
You are splashed with acid!
The walls burn you!
* * * LOW HITPOINT WARNING * * *
The slime creature misses you. The golden eye blinks at you.
You resist with some effort.
The slime creature completely misses you.
Unknown command.
You slice the slime creature like a ripe choko!!!
You kill the slime creature!
Cheibriados thoroughly appreciates the change of pace.
You are splashed with acid!
The walls burn you!
You die...

... ##. .......
.#.##(.........
..#.#..#.......
#......#......
#............
#.........#
#.......#
#.<..#..#
#8.......#
##..>.....
#........
...G.....
#........
......(..
#.#...(..
###...#


You could see a golden eye.

Vanquished Creatures
  Dissolution (Slime:1)
  Mara (Snake:4)
  Vashnia (Snake:3)
  3 acid blobs
  13 nagarajas
  An azure jelly (Slime:3)
  Aizul (Snake:4)
  A frost giant (Shoals:4)
  A merfolk javelineer (Shoals:4)
  The ghost of letownia2 the Impaler, a journeyman MfSk of Cheibriados (Orc:1)
  4 merfolk impalers (Shoals:4)
  A minotaur (Lab)
  A hydra (Lair:3)
  7 naga warriors
  2 merfolk avatars (Shoals:1)
  4 merfolk aquamancers (Shoals:4)
  3 two-headed ogres
  A satyr (Shoals:4)
  12 anacondas
  10 shock serpents
  6 orc high priests (Orc:2)
  19 naga sharpshooters
  8 salamander mystics
  2 sea snakes (Shoals:1)
  A torturous demonspawn (Orc:2)
  An infernal demonspawn (Orc:2)
  8 naga ritualists
  A gelid demonspawn (Orc:2)
  4 lindwurms (Snake:4)
  5 orc knights
  5 harpies (Shoals:1)
  4 orc sorcerers (Orc:2)
  4 fauns (Shoals:1)
  2 shining eyes
  4 manticores
  3 salamanders
  8 mana vipers
  5 elephants (Lair:5)
  2 cyclopes (Orc:2)
  3 rust devils (Orc:2)
  22 black mambas
  20 naga magi
  7 guardian serpents
  3 merfolk sirens (Lair:3)
  2 water nymphs
  A smoke demon (Orc:2)
  3 eyes of devastation
  A komodo dragon (Lair:4)
  A spiny frog (Lair:4)
  4 merfolk
  A wind drake (Shoals:4)
  A hornet (D:9)
  A troll (Orc:1)
  22 slime creatures
  5 hippogriffs
  A snapping turtle (Shoals:1)
  4 blink frogs
  A swamp drake (D:10)
  A spriggan (D:8)
  9 yaks
  4 wyverns
  A water elemental (Shoals:1)
  2 hungry ghosts (D:7)
  5 golden eyes
  A neqoxec (Orc:2)
  39 nagas
  3 water moccasins
  6 porcupines
  24 orc warriors
  3 ice beasts
  3 eyes of draining
  2 phantoms
  The ghost of SaintRoka the Vexing, an amateur NaAM (D:5)
  A necrophage (D:7)
  5 wolves (Lair:3)
  7 ogres
  5 centaurs
  6 crocodiles
  9 bullfrogs
  A scorpion (D:9)
  4 killer bees (D:8)
  6 jellies
  2 crimson imps
  4 lava snakes (Lab)
  A bullfrog skeleton (D:5)
  2 bullfrog zombies
  2 centaur zombies
  3 hounds
  A gnoll shaman (D:5)
  14 orc wizards
  19 orc priests
  An iguana (D:7)
  Natasha (D:4)
  14 worker ants
  A killer bee zombie (D:10)
  A hound zombie (D:5)
  A hound skeleton (D:6)
  7 gnolls
  6 adders
  A howler monkey skeleton (D:7)
  A river rat (D:10)
  3 shadow imps
  An ooze (Lair:5)
  An adder zombie (D:6)
  An adder skeleton (D:7)
  2 leopard geckos
  47 orcs
  3 giant cockroaches
  3 goblins
  2 hobgoblins
  8 jackals
  6 kobolds (D:10)
  5 quokkas
  A frilled lizard (D:1)
  A leopard gecko skeleton (D:5)
  A plant (D:10)
579 creatures vanquished.

Vanquished Creatures (collateral kills)
  2 slime creatures
  An orc high priest (Orc:2)
  A manticore (Shoals:2)
  A merfolk (Shoals:2)
  2 wind drakes
  A snapping turtle (Shoals:4)
  A hippogriff (D:10)
  A hungry ghost (D:10)
  A porcupine (D:9)
  An eye of draining (Slime:3)
  3 bullfrogs (D:10)
  A big kobold (D:10)
  4 killer bees (D:8)
  A crimson imp (D:5)
  4 orc priests
  An adder (D:4)
  A river rat (D:10)
  A worm (D:4)
  3 orcs
  A ball python (D:8)
32 creatures vanquished.

Vanquished Creatures (others)
  A naga (Snake:4)
  A water moccasin (D:10)
  A killer bee (D:8)
  A worker ant (D:10)
  7 fungi
  4 plants (D:9)
15 creatures vanquished.

Grand Total: 626 creatures vanquished

Notes
Turn   | Place    | Note
-------+----------+-------------------------------------------
     0 | D:1      | tidbits the Gnoll Transmuter began the quest for the Orb.
     0 | D:1      | Reached XP level 1. HP: 17/17 MP: 6/6
    74 | D:2      | Reached XP level 2. HP: 18/23 MP: 7/7
   186 | D:2      | Reached XP level 3. HP: 20/28 MP: 9/9
   192 | D:2      | Learned a level 2 spell: Sticks to Snakes
   196 | D:2      | Learned a level 3 spell: Spider Form
   283 | D:3      | Reached skill level 5 in Spellcasting
   302 | D:3      | Reached skill level 1 in Invocations
   359 | D:4      | Reached skill level 1 in Short Blades
   359 | D:4      | Reached skill level 1 in Long Blades
   359 | D:4      | Reached skill level 1 in Axes
   359 | D:4      | Reached skill level 1 in Maces & Flails
   359 | D:4      | Reached skill level 1 in Polearms
   359 | D:4      | Reached skill level 1 in Staves
   359 | D:4      | Reached skill level 1 in Slings
   359 | D:4      | Reached skill level 1 in Bows
   359 | D:4      | Reached skill level 1 in Crossbows
   359 | D:4      | Reached skill level 1 in Throwing
   359 | D:4      | Reached skill level 1 in Armour
   359 | D:4      | Reached skill level 1 in Stealth
   359 | D:4      | Reached skill level 1 in Shields
   359 | D:4      | Reached skill level 1 in Evocations
   359 | D:4      | Reached XP level 4. HP: 34/34 MP: 7/11
   454 | D:4      | Reached skill level 1 in Conjurations
   454 | D:4      | Reached skill level 1 in Hexes
   454 | D:4      | Reached skill level 1 in Charms
   454 | D:4      | Reached skill level 1 in Summonings
   454 | D:4      | Reached skill level 1 in Necromancy
   454 | D:4      | Reached skill level 1 in Translocations
   454 | D:4      | Reached skill level 1 in Fire Magic
   454 | D:4      | Reached skill level 1 in Ice Magic
   454 | D:4      | Reached skill level 1 in Air Magic
   454 | D:4      | Reached skill level 1 in Earth Magic
   454 | D:4      | Reached skill level 1 in Poison Magic
   492 | D:4      | Reached XP level 5. HP: 35/40 MP: 6/12
   509 | D:4      | Noticed Natasha
   517 | D:4      | Killed Natasha
   557 | D:4      | Found Ymea's Assorted Antiques.
   569 | D:4      | Reached skill level 3 in Fighting
   569 | D:4      | Reached skill level 4 in Transmutations
   570 | D:4      | Noticed Natasha
   578 | D:4      | Bought a scroll labeled JOEPERPHOLAX for 22 gold pieces
   578 | D:4      | Bought a scroll labeled NAQ HIESIMEI for 22 gold pieces
   578 | D:4      | Bought a scroll labeled QOSIACSETEY for 22 gold pieces
   617 | D:5      | Entered Level 5 of the Dungeon
   617 | D:5      | Found Ontalul's Distillery.
   627 | D:5      | Noticed an ogre
   637 | D:5      | Killed an ogre
   637 | D:5      | Reached skill level 2 in Invocations
   637 | D:5      | Reached XP level 6. HP: 45/47 MP: 8/13
   730 | D:5      | Reached skill level 5 in Dodging
   740 | D:5      | Reached skill level 2 in Short Blades
   740 | D:5      | Reached skill level 2 in Long Blades
   740 | D:5      | Reached skill level 2 in Axes
   740 | D:5      | Reached skill level 2 in Maces & Flails
   740 | D:5      | Reached skill level 2 in Polearms
   740 | D:5      | Reached skill level 2 in Staves
   740 | D:5      | Reached skill level 2 in Slings
   740 | D:5      | Reached skill level 2 in Bows
   740 | D:5      | Reached skill level 2 in Crossbows
   740 | D:5      | Reached skill level 2 in Throwing
   740 | D:5      | Reached skill level 2 in Armour
   740 | D:5      | Reached skill level 2 in Stealth
   740 | D:5      | Reached skill level 2 in Shields
   740 | D:5      | Reached skill level 2 in Evocations
   761 | D:5      | Reached XP level 7. HP: 42/52 MP: 11/15
   767 | D:5      | Reached skill level 7 in Unarmed Combat
   832 | D:5      | Reached skill level 2 in Conjurations
   832 | D:5      | Reached skill level 2 in Hexes
   832 | D:5      | Reached skill level 2 in Charms
   832 | D:5      | Reached skill level 2 in Summonings
   832 | D:5      | Reached skill level 2 in Necromancy
   832 | D:5      | Reached skill level 2 in Translocations
   832 | D:5      | Reached skill level 2 in Fire Magic
   832 | D:5      | Reached skill level 2 in Ice Magic
   832 | D:5      | Reached skill level 2 in Air Magic
   832 | D:5      | Reached skill level 2 in Earth Magic
   832 | D:5      | Reached skill level 2 in Poison Magic
   858 | D:6      | HP: 4/52 [ice beast (13)]
   874 | D:6      | Learned a level 4 spell: Ice Form
   880 | D:6      | Reached skill level 3 in Invocations
   889 | D:5      | Bought a potion of curing for 39 gold pieces
   914 | D:6      | Reached XP level 8. HP: 43/60 MP: 14/16
   954 | D:5      | Noticed SaintRoka's ghost (amateur NaAM)
   962 | D:5      | Killed SaintRoka's ghost
   962 | D:5      | Reached skill level 4 in Fighting
   962 | D:5      | Reached skill level 3 in Short Blades
   962 | D:5      | Reached skill level 3 in Long Blades
   962 | D:5      | Reached skill level 3 in Axes
   962 | D:5      | Reached skill level 3 in Maces & Flails
   962 | D:5      | Reached skill level 3 in Polearms
   962 | D:5      | Reached skill level 3 in Staves
   962 | D:5      | Reached skill level 3 in Slings
   962 | D:5      | Reached skill level 3 in Bows
   962 | D:5      | Reached skill level 3 in Crossbows
   962 | D:5      | Reached skill level 3 in Throwing
   962 | D:5      | Reached skill level 3 in Armour
   962 | D:5      | Reached skill level 3 in Stealth
   962 | D:5      | Reached skill level 3 in Shields
   962 | D:5      | Reached skill level 3 in Evocations
  1094 | D:5      | Learned a level 1 spell: Apportation
  1238 | D:5      | Reached skill level 6 in Spellcasting
  1274 | D:5      | Got a heavily runed ring mail
  1299 | D:5      | Identified the +3 ring mail of the Pure Allies {rPois rF- rN+} (You found it on level 5 of the Dungeon)
  1334 | D:5      | Bought a potion of heal wounds for 65 gold pieces
  1556 | D:7      | Reached skill level 3 in Conjurations
  1556 | D:7      | Reached skill level 3 in Hexes
  1556 | D:7      | Reached skill level 3 in Charms
  1556 | D:7      | Reached skill level 3 in Summonings
  1556 | D:7      | Reached skill level 3 in Necromancy
  1556 | D:7      | Reached skill level 3 in Translocations
  1556 | D:7      | Reached skill level 3 in Fire Magic
  1556 | D:7      | Reached skill level 3 in Ice Magic
  1556 | D:7      | Reached skill level 3 in Air Magic
  1556 | D:7      | Reached skill level 3 in Earth Magic
  1556 | D:7      | Reached skill level 3 in Poison Magic
  1556 | D:7      | Reached skill level 4 in Invocations
  1568 | D:7      | Reached XP level 9. HP: 50/66 MP: 18/18
  1580 | D:7      | Reached skill level 6 in Dodging
  1580 | D:7      | Reached skill level 5 in Transmutations
  1593 | D:7      | Found a staircase to the Ecumenical Temple.
  1604 | Temple   | Entered the Ecumenical Temple
  1619 | Temple   | Became a worshipper of Cheibriados the Contemplative
  1727 | D:7      | Reached skill level 4 in Short Blades
  1727 | D:7      | Reached skill level 4 in Long Blades
  1727 | D:7      | Reached skill level 4 in Axes
  1727 | D:7      | Reached skill level 4 in Maces & Flails
  1727 | D:7      | Reached skill level 4 in Polearms
  1727 | D:7      | Reached skill level 4 in Staves
  1727 | D:7      | Reached skill level 4 in Slings
  1727 | D:7      | Reached skill level 4 in Bows
  1727 | D:7      | Reached skill level 4 in Crossbows
  1727 | D:7      | Reached skill level 4 in Throwing
  1727 | D:7      | Reached skill level 4 in Armour
  1727 | D:7      | Reached skill level 4 in Stealth
  1727 | D:7      | Reached skill level 4 in Shields
  1727 | D:7      | Reached skill level 4 in Evocations
  1781 | D:7      | Reached * piety under Cheibriados
  1786 | D:7      | Reached skill level 5 in Fighting
  2058 | D:8      | Reached skill level 8 in Unarmed Combat
  2058 | D:8      | Reached ** piety under Cheibriados
  2090 | D:8      | Reached skill level 5 in Invocations
  2176 | D:8      | Reached XP level 10. HP: 29/74 MP: 16/20
  2190 | D:8      | Reached skill level 7 in Spellcasting
  2283 | D:8      | Reached skill level 4 in Conjurations
  2283 | D:8      | Reached skill level 4 in Hexes
  2283 | D:8      | Reached skill level 4 in Charms
  2283 | D:8      | Reached skill level 4 in Summonings
  2283 | D:8      | Reached skill level 4 in Necromancy
  2283 | D:8      | Reached skill level 4 in Translocations
  2283 | D:8      | Reached skill level 4 in Fire Magic
  2283 | D:8      | Reached skill level 4 in Ice Magic
  2283 | D:8      | Reached skill level 4 in Air Magic
  2283 | D:8      | Reached skill level 4 in Earth Magic
  2283 | D:8      | Reached skill level 4 in Poison Magic
  2372 | D:8      | Learned a level 2 spell: Ensorcelled Hibernation
  2401 | D:10     | Entered Level 10 of the Dungeon
  2405 | D:10     | Reached *** piety under Cheibriados
  2522 | D:9      | Reached skill level 5 in Short Blades
  2522 | D:9      | Reached skill level 5 in Long Blades
  2522 | D:9      | Reached skill level 5 in Axes
  2522 | D:9      | Reached skill level 5 in Maces & Flails
  2522 | D:9      | Reached skill level 5 in Polearms
  2522 | D:9      | Reached skill level 5 in Staves
  2522 | D:9      | Reached skill level 5 in Slings
  2522 | D:9      | Reached skill level 5 in Bows
  2522 | D:9      | Reached skill level 5 in Crossbows
  2522 | D:9      | Reached skill level 5 in Throwing
  2522 | D:9      | Reached skill level 5 in Armour
  2522 | D:9      | Reached skill level 5 in Stealth
  2522 | D:9      | Reached skill level 5 in Shields
  2522 | D:9      | Reached skill level 5 in Evocations
  2570 | D:9      | Reached skill level 7 in Dodging
  2583 | D:9      | Learned a level 1 spell: Animate Skeleton
  2641 | D:9      | Found a staircase to the Lair.
  2668 | D:9      | Reached skill level 6 in Fighting
  2676 | D:9      | Found a deep blue altar of Sif Muna.
  2676 | D:9      | Found a shadowy altar of Dithmenos.
  2730 | D:10     | Learned a level 5 spell: Blade Hands
  2739 | D:11     | Noticed a four-headed hydra
  2792 | D:10     | Noticed a two-headed ogre
  2799 | D:10     | Killed a two-headed ogre
  2799 | D:10     | Reached skill level 6 in Transmutations
  2799 | D:10     | Reached skill level 6 in Invocations
  2928 | D:10     | Reached **** piety under Cheibriados
  3015 | D:11     | Noticed a two-headed ogre
  3015 | D:11     | Noticed a gargoyle
  3035 | D:10     | Killed a two-headed ogre
  3035 | D:10     | Reached XP level 11. HP: 40/83 MP: 18/22
  3157 | D:9      | Found a blossoming altar of Fedhas.
  3199 | D:9      | Reached ***** piety under Cheibriados
  3216 | D:9      | Found a staircase to the Orcish Mines.
  3221 | Orc:1    | Entered Level 1 of the Orcish Mines
  3229 | Orc:1    | Reached skill level 9 in Unarmed Combat
  3233 | Orc:1    | Reached skill level 6 in Short Blades
  3233 | Orc:1    | Reached skill level 6 in Long Blades
  3233 | Orc:1    | Reached skill level 6 in Axes
  3233 | Orc:1    | Reached skill level 6 in Maces & Flails
  3233 | Orc:1    | Reached skill level 6 in Polearms
  3233 | Orc:1    | Reached skill level 6 in Staves
  3233 | Orc:1    | Reached skill level 6 in Slings
  3233 | Orc:1    | Reached skill level 6 in Bows
  3233 | Orc:1    | Reached skill level 6 in Crossbows
  3233 | Orc:1    | Reached skill level 6 in Throwing
  3233 | Orc:1    | Reached skill level 6 in Armour
  3233 | Orc:1    | Reached skill level 6 in Stealth
  3233 | Orc:1    | Reached skill level 6 in Shields
  3233 | Orc:1    | Reached skill level 6 in Evocations
  3266 | Orc:1    | Noticed letownia2's ghost (journeyman MfSk)
  3287 | Orc:1    | HP: 6/83 [letownia2's ghost (16)]
  3290 | Orc:1    | Killed letownia2's ghost
  3290 | Orc:1    | Reached skill level 8 in Spellcasting
  3290 | Orc:1    | Reached skill level 5 in Conjurations
  3290 | Orc:1    | Reached skill level 5 in Hexes
  3290 | Orc:1    | Reached skill level 5 in Charms
  3290 | Orc:1    | Reached skill level 5 in Summonings
  3290 | Orc:1    | Reached skill level 5 in Necromancy
  3290 | Orc:1    | Reached skill level 5 in Translocations
  3290 | Orc:1    | Reached skill level 5 in Fire Magic
  3290 | Orc:1    | Reached skill level 5 in Ice Magic
  3290 | Orc:1    | Reached skill level 5 in Air Magic
  3290 | Orc:1    | Reached skill level 5 in Earth Magic
  3290 | Orc:1    | Reached skill level 5 in Poison Magic
  3326 | Orc:1    | Noticed an orc knight
  3366 | D:9      | Noticed a two-headed ogre
  3373 | D:9      | Killed a two-headed ogre
  3531 | Orc:2    | Entered Level 2 of the Orcish Mines
  3588 | Orc:1    | Reached skill level 7 in Invocations
  3658 | Orc:1    | Killed an orc knight
  3658 | Orc:1    | Reached skill level 7 in Fighting
  3658 | Orc:1    | Reached skill level 8 in Dodging
  3667 | Orc:1    | Found a roughly hewn altar of Beogh.
  3774 | Orc:2    | Noticed a cyclops
  3779 | Orc:2    | Killed a cyclops
  3813 | Orc:2    | Noticed a cyclops
  3821 | Orc:2    | Killed a cyclops
  3934 | Orc:2    | Found a staircase to the Elven Halls.
  4011 | Orc:2    | Found Peustu's Magic Scroll Boutique.
  4013 | Orc:2    | Found Koxtitoc's Food Shop.
  4014 | Orc:2    | Noticed an orc knight
  4034 | Orc:2    | Killed an orc knight
  4037 | Orc:2    | Reached XP level 12. HP: 66/91 MP: 16/24
  4127 | Orc:2    | Bought a scroll of identify for 26 gold pieces
  4127 | Orc:2    | Bought a scroll of teleportation for 39 gold pieces
  4127 | Orc:2    | Bought a scroll of identify for 26 gold pieces
  4127 | Orc:2    | Bought a scroll of teleportation for 39 gold pieces
  4127 | Orc:2    | Bought a scroll of teleportation for 39 gold pieces
  4143 | Orc:2    | Reached skill level 7 in Transmutations
  4180 | Orc:2    | Noticed an orc high priest
  4186 | Orc:2    | Reached skill level 7 in Short Blades
  4186 | Orc:2    | Reached skill level 7 in Long Blades
  4186 | Orc:2    | Reached skill level 7 in Axes
  4186 | Orc:2    | Reached skill level 7 in Maces & Flails
  4186 | Orc:2    | Reached skill level 7 in Polearms
  4186 | Orc:2    | Reached skill level 7 in Staves
  4186 | Orc:2    | Reached skill level 7 in Slings
  4186 | Orc:2    | Reached skill level 7 in Bows
  4186 | Orc:2    | Reached skill level 7 in Crossbows
  4186 | Orc:2    | Reached skill level 7 in Throwing
  4186 | Orc:2    | Reached skill level 7 in Armour
  4186 | Orc:2    | Reached skill level 7 in Stealth
  4186 | Orc:2    | Reached skill level 7 in Shields
  4186 | Orc:2    | Reached skill level 7 in Evocations
  4196 | Orc:2    | Killed an orc high priest
  4239 | Orc:2    | Noticed an orc high priest
  4265 | Orc:2    | Noticed an orc high priest
  4267 | Orc:2    | Killed an orc high priest
  4267 | Orc:2    | Reached skill level 6 in Conjurations
  4267 | Orc:2    | Reached skill level 6 in Hexes
  4267 | Orc:2    | Reached skill level 6 in Charms
  4267 | Orc:2    | Reached skill level 6 in Summonings
  4267 | Orc:2    | Reached skill level 6 in Necromancy
  4267 | Orc:2    | Reached skill level 6 in Translocations
  4267 | Orc:2    | Reached skill level 6 in Fire Magic
  4267 | Orc:2    | Reached skill level 6 in Ice Magic
  4267 | Orc:2    | Reached skill level 6 in Air Magic
  4267 | Orc:2    | Reached skill level 6 in Earth Magic
  4267 | Orc:2    | Reached skill level 6 in Poison Magic
  4284 | Orc:2    | Killed an orc high priest
  4284 | Orc:2    | Reached skill level 8 in Invocations
  4288 | Orc:2    | Noticed an orc high priest
  4291 | Orc:2    | Reached skill level 9 in Spellcasting
  4295 | Orc:2    | Killed an orc high priest
  4326 | Orc:2    | Reached skill level 8 in Fighting
  4326 | Orc:2    | Reached skill level 10 in Unarmed Combat
  4338 | Orc:2    | Noticed an orc high priest
  4342 | Orc:2    | Noticed an orc high priest
  4343 | Orc:2    | Noticed a soul eater
  4346 | Orc:2    | Noticed a sun demon
  4346 | Orc:2    | Killed an orc high priest
  4372 | Orc:2    | Reached skill level 9 in Dodging
  4414 | Orc:2    | Found Soduiqirph's Antique Armour Emporium.
  4414 | Orc:2    | Found Daj Xevi's Book Shoppe.
  4414 | Orc:2    | Found a one-way gate leading to the halls of Pandemonium.
  4416 | Orc:2    | Noticed an orc high priest
  4424 | Orc:2    | Killed an orc high priest
  4424 | Orc:2    | Reached XP level 13. HP: 58/98 MP: 13/26
  4431 | Orc:2    | Bought a book of Transfigurations for 770 gold pieces
  4439 | Orc:2    | Learned a level 6 spell: Statue Form
  4470 | Orc:2    | Bought a scroll of enchant weapon for 97 gold pieces
  4470 | Orc:2    | Bought a scroll of random uselessness for 13 gold pieces
  4470 | Orc:2    | Bought a scroll of enchant weapon for 97 gold pieces
  4470 | Orc:2    | Bought a scroll of amnesia for 45 gold pieces
  4470 | Orc:2    | Bought a scroll of summoning for 123 gold pieces
  4470 | Orc:2    | Bought a scroll of enchant armour for 97 gold pieces
  4483 | Orc:2    | Learned a level 5 spell: Irradiate
  4549 | Lair:1   | Entered Level 1 of the Lair of Beasts
  4574 | Lair:1   | Found a labyrinth entrance.
  4583 | Lab      | Entered a labyrinth
  4894 | Lab      | Noticed a minotaur
  4903 | Lab      | Killed a minotaur
  4907 | Lab      | Got a smoking plate armour
  4911 | Lab      | Identified the Tome of the Monk
  4924 | Lab      | Got a faintly glowing hunting sling
  4924 | Lab      | Got a heavily runed plate armour
  4926 | Lab      | Identified the +9 hunting sling "Luidete" {velocity, rC- rN++ Dex+3} (You found it in a labyrinth)
  5089 | Lair:1   | Identified the +5 plate armour "Wivovaj" {+Fly rElec rCorr Dex-4} (You took it off a minotaur in a labyrinth)
  5140 | Lair:3   | Reached skill level 8 in Short Blades
  5140 | Lair:3   | Reached skill level 8 in Long Blades
  5140 | Lair:3   | Reached skill level 8 in Axes
  5140 | Lair:3   | Reached skill level 8 in Maces & Flails
  5140 | Lair:3   | Reached skill level 8 in Polearms
  5140 | Lair:3   | Reached skill level 8 in Staves
  5140 | Lair:3   | Reached skill level 8 in Slings
  5140 | Lair:3   | Reached skill level 8 in Bows
  5140 | Lair:3   | Reached skill level 8 in Crossbows
  5140 | Lair:3   | Reached skill level 8 in Throwing
  5140 | Lair:3   | Reached skill level 8 in Armour
  5140 | Lair:3   | Reached skill level 8 in Stealth
  5140 | Lair:3   | Reached skill level 8 in Shields
  5140 | Lair:3   | Reached skill level 8 in Evocations
  5157 | Lair:3   | Got a warped war axe
  5165 | Lair:3   | Found a staircase to the Shoals.
  5174 | Lair:3   | Identified the +6 war axe of Infinity {freeze, rC+ rN+} (You found it on level 3 of the Lair of Beasts)
  5187 | Lair:3   | Learned a level 5 spell: Borgnjor's Vile Clutch
  5190 | Lair:3   | Learned a level 2 spell: Passwall
  5192 | Shoals:1 | Entered Level 1 of the Shoals
  5290 | Shoals:1 | Reached skill level 9 in Invocations
  5345 | Shoals:1 | Reached skill level 8 in Transmutations
  5430 | Shoals:1 | Reached skill level 7 in Conjurations
  5430 | Shoals:1 | Reached skill level 7 in Hexes
  5430 | Shoals:1 | Reached skill level 7 in Charms
  5430 | Shoals:1 | Reached skill level 7 in Summonings
  5430 | Shoals:1 | Reached skill level 7 in Necromancy
  5430 | Shoals:1 | Reached skill level 7 in Translocations
  5430 | Shoals:1 | Reached skill level 7 in Fire Magic
  5430 | Shoals:1 | Reached skill level 7 in Ice Magic
  5430 | Shoals:1 | Reached skill level 7 in Air Magic
  5430 | Shoals:1 | Reached skill level 7 in Earth Magic
  5430 | Shoals:1 | Reached skill level 7 in Poison Magic
  5449 | Shoals:2 | Found Ihier's Food Emporium.
  5465 | Shoals:2 | Reached skill level 9 in Fighting
  5502 | Shoals:4 | Entered Level 4 of the Shoals
  5517 | Shoals:4 | Noticed a merfolk impaler
  5517 | Shoals:4 | Noticed a merfolk impaler
  5517 | Shoals:4 | Noticed a frost giant
  5517 | Shoals:4 | Noticed a merfolk javelineer
  5517 | Shoals:4 | Noticed a merfolk impaler
  5517 | Shoals:4 | Noticed a merfolk impaler
  5524 | Shoals:4 | Killed a merfolk impaler
  5524 | Shoals:4 | Reached skill level 10 in Spellcasting
  5524 | Shoals:4 | Reached XP level 14. HP: 43/108 MP: 5/28
  5532 | Shoals:4 | Reached skill level 10 in Dodging
  5537 | Shoals:4 | Killed a frost giant
  5543 | Shoals:4 | HP: 12/140 [manticore/volley of spikes (14)]
  5547 | Shoals:4 | HP: 4/140 [merfolk/trident (12)]
  5552 | Shoals:4 | HP: 5/140 [water nymph/the raging water (16)]
  5555 | Shoals:4 | Reached skill level 9 in Short Blades
  5555 | Shoals:4 | Reached skill level 9 in Long Blades
  5555 | Shoals:4 | Reached skill level 9 in Axes
  5555 | Shoals:4 | Reached skill level 9 in Maces & Flails
  5555 | Shoals:4 | Reached skill level 9 in Polearms
  5555 | Shoals:4 | Reached skill level 9 in Staves
  5555 | Shoals:4 | Reached skill level 9 in Slings
  5555 | Shoals:4 | Reached skill level 9 in Bows
  5555 | Shoals:4 | Reached skill level 9 in Crossbows
  5555 | Shoals:4 | Reached skill level 9 in Throwing
  5555 | Shoals:4 | Reached skill level 9 in Armour
  5555 | Shoals:4 | Reached skill level 9 in Stealth
  5555 | Shoals:4 | Reached skill level 9 in Shields
  5555 | Shoals:4 | Reached skill level 11 in Unarmed Combat
  5555 | Shoals:4 | Reached skill level 9 in Evocations
  5566 | Shoals:4 | Got a barnacled rune of Zot
  5840 | Lair:4   | Identified the +4 plate armour "Nacix" {rCorr Str+4 Dex+4} (You found it in a labyrinth)
  6037 | Lair:3   | Found a staircase to the Snake Pit.
  6052 | Snake:1  | Entered Level 1 of the Snake Pit
  6134 | Snake:1  | Reached skill level 10 in Invocations
  6155 | Snake:1  | Got a pair of brightly glowing gloves
  6207 | Snake:2  | Found a transporter.
  6208 | Snake:2  | Found a radiant altar of Vehumet.
  6234 | Snake:2  | Noticed a nagaraja
  6237 | Snake:2  | Noticed a nagaraja
  6240 | Snake:2  | Killed a nagaraja
  6245 | Snake:2  | Killed a nagaraja
  6245 | Snake:2  | Found Azijiry's Assorted Antiques.
  6245 | Snake:2  | Found Alintaho's Book Shoppe.
  6245 | Snake:2  | Found Set Nues's Distillery.
  6246 | Snake:2  | Found Odankywo's Book Emporium.
  6260 | Snake:2  | Reached ****** piety under Cheibriados
  6268 | Snake:2  | Reached skill level 8 in Conjurations
  6268 | Snake:2  | Reached skill level 8 in Hexes
  6268 | Snake:2  | Reached skill level 8 in Charms
  6268 | Snake:2  | Reached skill level 8 in Summonings
  6268 | Snake:2  | Reached skill level 8 in Necromancy
  6268 | Snake:2  | Reached skill level 8 in Translocations
  6268 | Snake:2  | Reached skill level 8 in Fire Magic
  6268 | Snake:2  | Reached skill level 8 in Ice Magic
  6268 | Snake:2  | Reached skill level 8 in Air Magic
  6268 | Snake:2  | Reached skill level 8 in Earth Magic
  6268 | Snake:2  | Reached skill level 8 in Poison Magic
  6271 | Snake:2  | Reached XP level 15. HP: 53/115 MP: 9/29
  6291 | Snake:2  | Bought a potion of magic for 160 gold pieces
  6300 | Snake:2  | Identified the cursed -1 pair of gloves "Vuimpexe" {rElec rPois} (You found it on level 1 of the Snake Pit)
  6322 | Snake:2  | Noticed a nagaraja
  6326 | Snake:2  | Killed a nagaraja
  6326 | Snake:2  | Reached skill level 9 in Transmutations
  6328 | Snake:2  | Reached skill level 10 in Fighting
  6397 | Snake:2  | Found a transporter.
  6430 | Snake:2  | Noticed a nagaraja
  6434 | Snake:2  | Killed a nagaraja
  6453 | Snake:2  | Got a smoking robe
  6457 | Snake:2  | Noticed a nagaraja
  6527 | Snake:3  | Noticed a nagaraja
  6531 | Snake:3  | Killed a nagaraja
  6531 | Snake:3  | Reached skill level 10 in Axes
  6531 | Snake:3  | Reached skill level 11 in Spellcasting
  6560 | Snake:3  | Noticed Vashnia
  6580 | Snake:3  | Killed Vashnia
  6580 | Snake:3  | Reached skill level 10 in Short Blades
  6580 | Snake:3  | Reached skill level 10 in Long Blades
  6580 | Snake:3  | Reached skill level 10 in Maces & Flails
  6580 | Snake:3  | Reached skill level 10 in Polearms
  6580 | Snake:3  | Reached skill level 10 in Staves
  6580 | Snake:3  | Reached skill level 10 in Slings
  6580 | Snake:3  | Reached skill level 10 in Bows
  6580 | Snake:3  | Reached skill level 10 in Crossbows
  6580 | Snake:3  | Reached skill level 10 in Throwing
  6580 | Snake:3  | Reached skill level 10 in Armour
  6580 | Snake:3  | Reached skill level 11 in Dodging
  6580 | Snake:3  | Reached skill level 10 in Stealth
  6580 | Snake:3  | Reached skill level 10 in Shields
  6580 | Snake:3  | Reached skill level 10 in Evocations
  6663 | Snake:3  | Reached skill level 11 in Invocations
  6782 | Snake:4  | Entered Level 4 of the Snake Pit
  6809 | Snake:4  | Noticed a nagaraja
  6810 | Snake:4  | Noticed a nagaraja
  6817 | Snake:4  | Killed a nagaraja
  6818 | Snake:4  | Killed a nagaraja
  6823 | Snake:4  | Reached skill level 12 in Unarmed Combat
  6828 | Snake:4  | Reached XP level 16. HP: 106/124 MP: 2/31
  6908 | Snake:4  | Noticed a nagaraja
  6913 | Snake:4  | Reached skill level 11 in Axes
  6914 | Snake:4  | Killed a nagaraja
  6950 | Snake:4  | Noticed a nagaraja
  6991 | Snake:4  | Noticed Aizul
  6998 | Snake:4  | Killed Aizul
  7177 | Snake:4  | Noticed a nagaraja
  7184 | Snake:4  | Killed a nagaraja
  7184 | Snake:4  | Reached skill level 9 in Conjurations
  7184 | Snake:4  | Reached skill level 9 in Hexes
  7184 | Snake:4  | Reached skill level 9 in Charms
  7184 | Snake:4  | Reached skill level 9 in Summonings
  7184 | Snake:4  | Reached skill level 9 in Necromancy
  7184 | Snake:4  | Reached skill level 9 in Translocations
  7184 | Snake:4  | Reached skill level 9 in Fire Magic
  7184 | Snake:4  | Reached skill level 9 in Ice Magic
  7184 | Snake:4  | Reached skill level 9 in Air Magic
  7184 | Snake:4  | Reached skill level 9 in Earth Magic
  7184 | Snake:4  | Reached skill level 9 in Poison Magic
  7225 | Snake:4  | Killed a nagaraja
  7233 | Snake:4  | Noticed a nagaraja
  7238 | Snake:4  | Reached skill level 11 in Fighting
  7242 | Snake:4  | Killed a nagaraja
  7263 | Snake:4  | Noticed a nagaraja
  7267 | Snake:4  | Killed a nagaraja
  7281 | Snake:4  | Identified the +2 robe of Amelioration {rF+++} (You found it on level 2 of the Snake Pit)
  7393 | Snake:4  | Reached skill level 10 in Transmutations
  7457 | Snake:4  | Noticed Mara
  7464 | Snake:4  | Reached skill level 12 in Axes
  7465 | Snake:4  | Reached skill level 11 in Short Blades
  7465 | Snake:4  | Reached skill level 11 in Long Blades
  7465 | Snake:4  | Reached skill level 11 in Maces & Flails
  7465 | Snake:4  | Reached skill level 11 in Polearms
  7465 | Snake:4  | Reached skill level 11 in Staves
  7465 | Snake:4  | Reached skill level 11 in Slings
  7465 | Snake:4  | Reached skill level 11 in Bows
  7465 | Snake:4  | Reached skill level 11 in Crossbows
  7465 | Snake:4  | Reached skill level 11 in Throwing
  7465 | Snake:4  | Reached skill level 11 in Armour
  7465 | Snake:4  | Reached skill level 11 in Stealth
  7465 | Snake:4  | Reached skill level 11 in Shields
  7465 | Snake:4  | Reached skill level 11 in Evocations
  7466 | Snake:4  | Reached skill level 12 in Spellcasting
  7467 | Snake:4  | Noticed a nagaraja
  7468 | Snake:4  | Reached XP level 17. HP: 49/131 MP: 16/33
  7472 | Snake:4  | Reached skill level 12 in Invocations
  7473 | Snake:4  | Noticed tidbits's illusion
  7580 | Snake:4  | Killed Mara
  7580 | Snake:4  | Reached skill level 12 in Dodging
  7595 | Snake:4  | Got a serpentine rune of Zot
  7828 | Lair:5   | Found a staircase to the Slime Pits.
  7850 | Lair:5   | Learned a level 6 spell: Deflect Missiles
  7856 | Lair:5   | Learned a level 4 spell: Summon Lightning Spire
  7860 | Slime:1  | Entered Level 1 of the Pits of Slime
  7880 | Slime:1  | Noticed an acid blob
  7892 | Slime:1  | Killed an acid blob
  7956 | Slime:2  | Noticed Dissolution
  7967 | Slime:1  | Killed Dissolution
  7982 | Slime:2  | Noticed an acid blob
  7990 | Slime:2  | Killed an acid blob
  7991 | Slime:2  | Reached skill level 13 in Unarmed Combat
  7995 | Slime:2  | Reached skill level 13 in Axes
  8050 | Slime:3  | Noticed an acid blob
  8057 | Slime:3  | Killed an acid blob
  8075 | Slime:3  | HP: 9/172 [acid (40)]
  8076 | Slime:3  | Splashed with acid

Skill      XL: |  1  2  3  4  5  6  7  8  9 10 11 12 13 14 15 16 17 |
---------------+----------------------------------------------------+-----
Spellcasting   | 5 6 7 8 9 10 11 12 | 12.5
Invocations    | 1 2 3 4 5 6 7 8 9 10 11 12 | 12.5
Short Blades   | 1 2 3 4 5 6 7 8 9 10 11 | 11.6
Long Blades    | 1 2 3 4 5 6 7 8 9 10 11 | 11.6
Axes           | 1 2 3 4 5 6 7 8 9 10 12 13 | 13.1
Maces & Flails | 1 2 3 4 5 6 7 8 9 10 11 | 11.6
Polearms       | 1 2 3 4 5 6 7 8 9 10 11 | 11.6
Staves         | 1 2 3 4 5 6 7 8 9 10 11 | 11.6
Slings         | 1 2 3 4 5 6 7 8 9 10 11 | 11.6
Bows           | 1 2 3 4 5 6 7 8 9 10 11 | 11.6
Crossbows      | 1 2 3 4 5 6 7 8 9 10 11 | 11.6
Throwing       | 1 2 3 4 5 6 7 8 9 10 11 | 11.6
Armour         | 1 2 3 4 5 6 7 8 9 10 11 | 11.6
Stealth        | 1 2 3 4 5 6 7 8 9 10 11 | 11.6
Shields        | 1 2 3 4 5 6 7 8 9 10 11 | 11.6
Evocations     | 1 2 3 4 5 6 7 8 9 10 11 | 11.6
Conjurations   | 1 2 3 4 5 6 7 8 9 |  9.9
Hexes          | 1 2 3 4 5 6 7 8 9 |  9.9
Charms         | 1 2 3 4 5 6 7 8 9 |  9.9
Summonings     | 1 2 3 4 5 6 7 8 9 |  9.9
Necromancy     | 1 2 3 4 5 6 7 8 9 |  9.9
Translocations | 1 2 3 4 5 6 7 8 9 |  9.9
Fire Magic     | 1 2 3 4 5 6 7 8 9 |  9.9
Ice Magic      | 1 2 3 4 5 6 7 8 9 |  9.9
Air Magic      | 1 2 3 4 5 6 7 8 9 |  9.9
Earth Magic    | 1 2 3 4 5 6 7 8 9 |  9.9
Poison Magic   | 1 2 3 4 5 6 7 8 9 |  9.9
Fighting       | 3 4 5 6 7 8 9 10 11 | 11.8
Transmutations | 4 5 6 7 8 9 10 | 10.6
Dodging        | 5 6 7 8 9 10 11 12 | 12.3
Unarmed Combat | 7 8 9 10 11 12 13 | 13.0

Action                   |  1- 3 |  4- 6 |  7- 9 | 10-12 | 13-15 | 16-18 || total
-------------------------+-------+-------+-------+-------+-------+-------++-------
Melee: Unarmed           |    40 |    59 |   149 |   224 |    25 |       ||   497
       Headbutt          |     2 |       |       |       |       |       ||     2
       Dagger            |     1 |       |     1 |       |       |       ||     2
       War axe           |       |       |   131 |    81 |       |       ||   212
       Kick              |       |       |    30 |    38 |       |       ||    68
       Bite              |       |       |    10 |    58 |    36 |    27 ||   131
       Punch             |       |       |     1 |    12 |       |       ||    13
       Short sword       |       |       |       |    53 |       |       ||    53
       Broad axe         |       |       |       |       |   206 |   154 ||   360
 Fire: Hunting sling     |       |     3 |     5 |       |    11 |       ||    19
Throw: Tomahawk          |       |       |       |    17 |    31 |       ||    48
       Javelin           |       |       |       |       |    15 |    24 ||    39
 Cast: Beastly Appendage |     4 |       |    11 |    13 |       |       ||    28
       Spider Form       |     4 |    10 |    24 |     6 |       |       ||    44
       Sticks to Snakes  |       |     4 |     9 |    12 |     8 |       ||    33
       Apportation       |       |       |       |    56 |    82 |    22 ||   160
       Animate Skeleton  |       |       |       |     9 |     6 |       ||    15
       Ensorcelled Hiber |       |       |       |     5 |       |       ||     5
       Blade Hands       |       |       |       |    26 |     1 |       ||    27
       Statue Form       |       |       |       |       |    36 |    21 ||    57
       Borgnjor's Vile C |       |       |       |       |    42 |    35 ||    77
       Irradiate         |       |       |       |       |     6 |     4 ||    10
       Passwall          |       |       |       |       |     4 |     1 ||     5
       Summon Lightning  |       |       |       |       |       |     4 ||     4
       Deflect Missiles  |       |       |       |       |       |     1 ||     1
Invok: Bend Time         |       |       |       |     8 |     1 |       ||     9
       Slouch            |       |       |       |     3 |     5 |     5 ||    13
       Temporal Distorti |       |       |       |       |     1 |       ||     1
 Abil: End Transformatio |       |       |       |    12 |     8 |     7 ||    27
Evoke: Wand              |       |       |     7 |    15 |    18 |    10 ||    50
  Use: Scroll            |       |       |     9 |     9 |    22 |     8 ||    48
       Potion            |       |       |     3 |       |    10 |     3 ||    16
 Stab: Sleeping          |     1 |     1 |     4 |    10 |     5 |     2 ||    23
       Betrayed ally     |       |       |     2 |       |       |       ||     2
       Distracted        |       |       |     1 |     4 |     4 |       ||     9
       Paralysed         |       |       |       |       |       |     3 ||     3
  Eat: Chunk             |       |     1 |     3 |    10 |     6 |       ||    20
       Ration            |       |       |     3 |     1 |     3 |     2 ||     9
Armor: Robe              |     1 |       |       |       |       |       ||     1
       Skin              |       |     3 |     2 |       |   203 |    85 ||   293
       Ring mail         |       |       |    72 |    54 |       |       ||   126
       Troll leather arm |       |       |       |    16 |     9 |     2 ||    27
Dodge: Dodged            |    24 |    55 |   226 |   220 |   493 |   284 ||  1302
       Deflected         |       |       |       |       |       |     5 ||     5
Block: Buckler           |       |       |    48 |    78 |   271 |       ||   397
       Shield            |       |       |       |       |    29 |   266 ||   295

Table legend:
 A = Turns spent in this place as a percentage of turns spent in the entire game.
 B = Non-inter-level travel turns spent in this place as a percentage of non-inter-level travel turns spent in the entire game.
 C = Inter-level travel turns spent in this place as a percentage of turns spent in this place.
 D = Turns resting spent in this place as a percentage of non-inter-level travel turns spent in this place.
 E = Turns spent auto-exploring this place as a percentage of non-inter-level travel turns spent in this place.
 F = Non-inter-level travel turns spent in this place divided by the number of levels of this place that you've seen.
                   A       B       C       D       E      F
               +-------+-------+-------+-------+-------+----------------------
         Total | 100.0 | 100.0 |   0.7 |   0.0 |   0.0 | 258.6
       Dungeon |  42.2 |  42.6 |   0.0 |   0.0 |   0.0 | 310.2
        Temple |   0.3 |   0.3 |   0.0 |   0.0 |   0.0 |  28.0
          Lair |  10.0 |  10.1 |   0.0 |   0.0 |   0.0 | 162.2
        Shoals |   6.1 |   6.1 |   0.0 |   0.0 |   0.0 | 123.2
     Snake Pit |  20.4 |  20.6 |   0.0 |   0.0 |   0.0 | 412.5
    Slime Pits |   2.7 |   2.7 |   0.0 |   0.0 |   0.0 |  72.0
  Orcish Mines |  13.7 |  13.1 |   5.3 |   0.0 |   0.0 | 525.0
     Labyrinth |   4.4 |   4.5 |   0.0 |   0.0 |   0.0 | 357.0
               +-------+-------+-------+-------+-------+----------------------

Table legend:
 A = Kills in this place as a percentage of kills in entire the game.
 B = Kills by you in this place as a percentage of kills by you in the entire game.
 C = Kills by friends in this place as a percentage of kills by friends in the entire game.
 D = Other kills in this place as a percentage of other kills in the entire game.
 E = Experience gained in this place as a percentage of experience gained in the entire game.
 F = Experience gained in this place divided by the number of levels of this place that you have seen.
                   A       B       C       D       E      F
               +-------+-------+-------+-------+-------+----------------------
         Total | 100.0 | 100.0 | 100.0 | 100.0 | 100.0 | 7562.1
       Dungeon |  31.8 |  30.3 |  59.4 |   0.0 |   5.3 | 1129.6
          Lair |   8.8 |   9.3 |   0.0 |   0.0 |   5.7 | 2657.0
        Shoals |   6.9 |   6.4 |  15.6 |   0.0 |  10.9 | 6384.0
     Snake Pit |  29.0 |  30.4 |   0.0 | 100.0 |  54.0 | 31660.2
    Slime Pits |   6.9 |   6.7 |   9.4 |   0.0 |  14.7 | 11517.3
  Orcish Mines |  15.9 |  15.9 |  15.6 |   0.0 |   8.9 | 10436.0
     Labyrinth |   0.8 |   0.9 |   0.0 |   0.0 |   0.5 | 1113.0
               +-------+-------+-------+-------+-------+----------------------

Vault maps used:
D:1:      lightli_iron_boxes, minmay_misc_feat_chi, minmay_misc_feat_tower,
          minmay_close_crescents
D:2:      overflow_temple_1_default
D:3:      minmay_diamond_boxcup, lemuel_zombie_altar_kikubaaqudgha,
          first_ration, kennysheep_generic_room_13
D:4:      lemuel_crystal_altar, serial_shops, shop, patterned_corridor,
          uniq_natasha
D:5:      minmay_opposing_rooms, serial_shops, nicolae_shop_trees
D:6:      minmay_curled_crystal
D:7:      minmay_temple_entry_statues, led_sif_book
D:8:      the_bakery
D:9:      gammafunk_temple_overflow_elements, fedhas_altar_1,
          minmay_lair_entry_grove, hiddenorc1_lemuel, minmay_lizard_king
D:10:     pond
D:11:     basic_altar, grunt_ministairs_4
Temple:   eino_temple_scatter_basement
Lair:1:   lab_entry_generic
Lair:2:   lemuel_fruit_fields, infiniplex_staircase_pool_2, grunt_megastairs_3,
          lemuel_fruit_fields
Lair:3:   elwin_shoals_entry_stream, minmay_snake_entry_guardpost_small,
          grunt_megastairs_4
Lair:4:   st_stairs_8, columned_hall_lemuel, infiniplex_staircase_pool,
          grunt_megastairs_2
Lair:5:   nicolae_slime_entry_slimehenge
Shoals:2: cheibrodos_shoals_satyrical_garden, serial_shops, shop,
          nicolae_shoals_aquamancer_cove
Shoals:4: shoals_end_grunt_ice, shoal_ilsuiw
Snake:1:  portal_ice_cave_entry_ice_statue_one, lemuel_fruit_tree
Snake:2:  gammafunk_sealed_library, minmay_shoptagon, serial_bayou_shore_a
Snake:3:  library_closet, uniq_vashnia
Snake:4:  snake_pit_salamanders_mu, serial_bayou_pond_c,
          nicolae_snake_horde_hoard, uniq_mara, uniq_aizul
Slime:2:  dissolution_awaits
Orc:1:    basic_altar
Orc:2:    pf_orc_diabolical, nicolae_orc_tapped_out
Lab:      labyrinth_watery, nicolae_lab_t_cross, labyrinth_lava_lair,
          nicolae_lab_statue
